 Dungeon Crawl Stone Soup version 0.21.0 (webtiles) character file.

8396 edsrzf the Destroyer (level 11, -10/89 HPs)
             Began as a Formicid Conjurer on Jan 21, 2018.
             Was a High Priest of Sif Muna.
             Mangled by a two-headed ogre
             ... wielding a +0 giant club
              (25 damage)
             ... on level 10 of the Dungeon.
             The game lasted 00:38:22 (12265 turns).

edsrzf the Destroyer (Formicid Conjurer)           Turns: 12265, Time: 00:38:23

Health: -10/89     AC:  6    Str: 13    XL:     11   Next: 55%
Magic:  10/24      EV: 12    Int: 18    God:    Sif Muna [*****.]
Gold:   693        SH:  0    Dex: 11    Spells: 19/29 levels left

rFire    . . .     SeeInvis +   a - +2 quarterstaff (chaos)
rCold    . . .     Gourm    .   (no shield)
rNeg     . . .     Faith    .   A - +2 robe {MR+}
rPois    +         Spirit   .   (helmet unavailable)
rElec    .         Reflect  .   B - +0 cloak
rCorr    .         Harm     .   K - +0 pair of gloves
MR       ++...                  (no boots)
Stlth    ++........             t - amulet of regeneration
HPRegen  0.64/turn              l - ring of wizardry
MPRegen  0.19/turn              r - ring of poison resistance

@: no status effects
A: permanent stasis, dig shafts and tunnels, four strong arms, antennae 3
a: Dig, Shaft Self, Divine Energy, Channel Magic, Forget Spell, Renounce
Religion


You were on level 10 of the Dungeon.
You worshipped Sif Muna.
Sif Muna was extremely pleased with you.
You were not hungry.

You visited 1 branch of the dungeon, and saw 10 of its levels.
You also visited: Bailey.

You collected 693 gold pieces.

Inventory:

Hand Weapons
 a - a +2 quarterstaff of chaos (weapon)
 e - a +0 longbow of velocity
Missiles
 j - 82 poisoned needles
 p - a throwing net {=f}
Armour
 A - a +2 robe of magic resistance (worn)
 B - a +0 cloak (worn)
 K - a +0 pair of gloves (worn)
Jewellery
 l - a ring of wizardry (left hand)
 r - a ring of poison resistance (right hand)
 t - an amulet of regeneration (around neck)
 N - a +3 ring of strength
Wands
 d - a wand of flame (55)
 s - a wand of enslavement (16)
 y - a wand of disintegration (15)
 H - a wand of polymorph (4)
 O - a wand of acid (6)
 Q - a wand of random effects (46)
Scrolls
 f - a scroll of amnesia
 k - a scroll of immolation
 u - a scroll of enchant weapon {unknown}
 w - 3 scrolls of fog
 E - a scroll of summoning {unknown}
 F - a scroll of random uselessness {unknown}
 I - a scroll of magic mapping {unknown}
 J - a scroll of silence {unknown}
Potions
 g - a potion of agility
 h - a potion of mutation {!q}
 n - 7 potions of curing
 v - 2 potions of magic
 x - a potion of lignification
 z - a potion of resistance
 D - 4 potions of might
 M - 2 potions of flight
Books
 b - a book of Conjurations
 G - a book of Changes
 S - a book of Cantrips
Comestibles
 c - 23 rations


   Skills:
 - Level 9.3 Fighting
 - Level 1.7 Dodging
 - Level 2.4 Stealth
 - Level 9.8 Spellcasting
 - Level 10.0 Conjurations
 - Level 4.0 Hexes
 + Level 4.7 Evocations


You had 19 spell levels left.
You knew the following spells:

 Your Spells              Type           Power        Failure   Level  Hunger
r - Searing Ray           Conj           #####.       1%          2    None
z - Dazzling Spray        Conj/Hex       ####..       1%          3    None
I - Iskenderun's Mystic   Conj           #####...     1%          4    ###....
X - Magic Dart            Conj           ####         1%          1    None


Dungeon Overview and Level Annotations

Branches:
Dungeon (10/15)            Temple (0/1) D:5
   Lair: D:8-11         Orc: D:9-12

Altars:
Cheibriados
Kikubaaqudgha
Qazlal
Ru
Sif Muna
Wu Jian
Xom

Annotations:
D:7 DunwichHorror's ghost, novice DDFi
D:8 Kave's ghost, novice TrTm
D:9 MatthieuS's ghost, journeyman MfMo
D:10 exclusion: ice statue


Innate Abilities, Weirdness & Mutations

You cannot be hasted, slowed, berserked, paralysed or teleported.
You can dig through walls and to a lower floor.
Your four strong arms can wield two-handed weapons with a shield.
You have a pair of large antennae on your head. (SInv)


Message History

a - a +2 quarterstaff of chaos (weapon)
Partly explored, can't reach some items and places.
There is an open door here.
There is a large open door here.
There is an open gate here.
There is a gate leading back out of this place here.
Welcome back to the Dungeon!
Level annotation: exclusion: ice statue
There is an empty arch of ancient stone here.
Autoexplore disabled on this floor!
Autoexplore enabled for D:10 You sense a monster nearby.
A wraith comes into view.
Casting: Searing Ray
Confirm with . or Enter, or press ? or * to list all spells.
Aiming: Magic Dart
Press: ? - help, Shift-Dir - straight line, f - wraith
Aim: a wraith (hasn't noticed you)
The magic dart hits the wraith.
Casting: Magic Dart
Confirm with . or Enter, or press ? or * to list all spells.
Aiming: Searing Ray
Press: ? - help, Shift-Dir - straight line, f/p - wraith
Aim: a wraith The searing ray hits the wraith.
The wraith is lightly damaged. (Press . to maintain the ray.)
The searing ray misses the wraith.
The wraith hits you but does no damage.
The searing ray hits the wraith.
The wraith is moderately damaged.
The wraith closely misses you.
The searing ray hits the wraith.
The wraith is severely damaged.
You finish channeling your searing ray.
The wraith hits you!
Casting: Searing Ray
Confirm with . or Enter, or press ? or * to list all spells.
Aiming: Searing Ray
Press: ? - help, Shift-Dir - straight line, f/p - wraith
Aim: a wraith (severely damaged)
The searing ray hits the wraith.
The wraith is severely damaged. (Press . to maintain the ray.)
The wraith completely misses you.
The searing ray hits the wraith.
You destroy the wraith!
Sif Muna accepts your kill.
You start resting.
Casting: Searing Ray
Confirm with . or Enter, or press ? or * to list all spells.
Aiming: Searing Ray
Press: ? - help, Shift-Dir - straight line, f - goblin
Aim: a goblin, wielding a hand axe (hasn't noticed you)
The searing ray misses the goblin. (Press . to maintain the ray.)
The goblin shouts!
You hear two shouts!
The goblin completely misses you.
You closely miss the goblin. The goblin misses you.
You hit the goblin.
The goblin is severely wounded.
The goblin misses you.
You barely miss the goblin.
The goblin is severely wounded.
The goblin misses you.
Casting: Searing Ray
Confirm with . or Enter, or press ? or * to list all spells.
Aiming: Searing Ray
Press: ? - help, Shift-Dir - straight line, f/p - goblin
Aim: a goblin, wielding a hand axe (severely wounded)
The searing ray hits the goblin.
You kill the goblin!
Sif Muna accepts your kill. (Press . to maintain the ray.)
The two-headed ogre shouts in stereo!
The searing ray hits the two-headed ogre.
The two-headed ogre is lightly wounded.
The two-headed ogre hits you with a giant club!
The two-headed ogre hits you but does no damage.
The searing ray hits the two-headed ogre.
The two-headed ogre is moderately wounded.
The two-headed ogre closely misses you.
The two-headed ogre hits you with a giant spiked club.
The searing ray hits the two-headed ogre.
The two-headed ogre is heavily wounded.
You finish channeling your searing ray.
Casting: Searing Ray
Confirm with . or Enter, or press ? or * to list all spells.
Aiming: Searing Ray
Press: ? - help, Shift-Dir - straight line, f - two-headed ogre
Aim: a two-headed ogre, wielding a giant club and a giant spiked club (heavily wounded)
The searing ray hits the two-headed ogre.
The two-headed ogre is severely wounded. (Press . to maintain the ray.)
The two-headed ogre hits you with a giant club!
The two-headed ogre hits you with a giant spiked club!!
The searing ray hits the two-headed ogre.
The two-headed ogre is severely wounded.
The two-headed ogre hits you with a giant club!!
* * * LOW HITPOINT WARNING * * *
The two-headed ogre hits you with a giant spiked club!!
You die...

#..........###
#..........'.#
#..........#.###
#..........#....
#...........#
#...........#
#(.≈≈≈≈≈≈≈..#
##.≈#####≈..#
#.≈#..@#≈..#
#)≈#.∩.O≈..# ...
#.≈#...#≈.## ...
#####≈.#
#######. ≈≈.#
#........ ....#
###........
..... ..........
.......
#........
.......
#........


You could see a two-headed ogre.

Vanquished Creatures
  3 two-headed ogres (D:8)
  An orc knight (Bailey)
  An orc sorcerer (Bailey)
  A kobold demonologist (Bailey)
  Sigmund (D:3)
  A wyvern (D:8)
  A wraith (D:10)
  2 hungry ghosts
  11 orc warriors
  An ice beast (D:9)
  6 ogres
  A centaur (D:6)
  4 bullfrogs
  A wyvern zombie (D:10)
  5 scorpions
  6 killer bees (D:7)
  5 wights (D:7)
  5 howler monkeys
  4 electric eels (Bailey)
  9 crimson imps
  A bullfrog zombie (D:6)
  A quasit (D:8)
  5 bullfrog skeletons
  A centaur zombie (D:10)
  5 hounds
  Crazy Yiuf (D:3)
  2 orc priests
  An iguana (D:6)
  A jelly (D:5)
  2 centaur skeletons
  Terence (D:2)
  7 orc wizards
  4 worker ants
  Robin (D:3)
  17 gnolls
  10 adders
  A howler monkey skeleton (D:5)
  2 shadow imps (D:5)
  An ooze (D:3)
  An adder skeleton (D:7)
  3 worms
  A dart slug (D:5)
  14 leopard geckos
  39 orcs
  4 giant cockroaches
  27 goblins
  19 hobgoblins
  3 jackals (D:2)
  9 kobolds
  5 quokkas
  A ball python (D:2)
  12 bats
  12 frilled lizards
  A jackal zombie (D:5)
  A quokka skeleton (D:4)
  12 rats
297 creatures vanquished.

Vanquished Creatures (others)
  3 plants (D:6)
3 creatures vanquished.

Grand Total: 300 creatures vanquished

Notes
Turn   | Place    | Note
-------+----------+-------------------------------------------
     0 | D:1      | edsrzf the Formicid Conjurer began the quest for the Orb.
     0 | D:1      | Reached XP level 1. HP: 13/13 MP: 3/3
   312 | D:1      | Reached skill level 4 in Conjurations
   312 | D:1      | Reached XP level 2. HP: 19/19 MP: 1/5
   780 | D:1      | Reached XP level 3. HP: 24/24 MP: 4/6
  1257 | D:2      | Learned a level 2 spell: Searing Ray
  1670 | D:2      | Reached XP level 4. HP: 30/30 MP: 5/7
  1977 | D:2      | Reached skill level 5 in Conjurations
  2102 | D:2      | Reached skill level 3 in Spellcasting
  2102 | D:2      | Reached XP level 5. HP: 35/35 MP: 5/9
  2141 | D:2      | Learned a level 3 spell: Dazzling Spray
  2194 | D:2      | Noticed Terence
  2252 | D:2      | Killed Terence
  2394 | D:2      | Reached skill level 1 in Hexes
  2800 | D:2      | Found a sacrificial altar of Ru.
  2800 | D:2      | Found a deep blue altar of Sif Muna.
  2805 | D:2      | Became a worshipper of Sif Muna the Loreminder
  3137 | D:3      | Noticed Sigmund
  3232 | D:3      | Reached XP level 6. HP: 41/41 MP: 4/11
  3367 | D:3      | Reached skill level 2 in Hexes
  3425 | D:3      | Noticed Robin
  3447 | D:3      | Killed Robin
  3664 | D:3      | Killed Sigmund
  3664 | D:3      | Reached * piety under Sif Muna
  3664 | D:3      | Reached skill level 4 in Spellcasting
  3664 | D:3      | Reached skill level 3 in Hexes
  3664 | D:3      | Reached XP level 7. HP: 18/46 MP: 3/13
  3848 | D:3      | Found a runed door.
  4136 | D:3      | Noticed Crazy Yiuf
  4141 | D:3      | Killed Crazy Yiuf
  4347 | D:4      | Reached skill level 6 in Conjurations
  4532 | D:4      | Reached skill level 4 in Hexes
  4768 | D:4      | Reached skill level 1 in Fighting
  4768 | D:4      | Reached XP level 8. HP: 54/54 MP: 10/15
  4774 | D:4      | Reached skill level 5 in Spellcasting
  4991 | D:4      | Found a sacrificial altar of Ru.
  5029 | D:4      | Reached skill level 2 in Fighting
  5475 | D:4      | Identified 5 scrolls of identify
  5475 | D:4      | Identified a potion of heal wounds
  5476 | D:4      | Identified 3 potions of curing
  5477 | D:4      | Identified a potion of agility
  5478 | D:4      | Identified a potion of mutation
  5479 | D:4      | Identified a potion of magic
  5572 | D:5      | Entered Level 5 of the Dungeon
  5924 | D:5      | Found a staircase to the Ecumenical Temple.
  5993 | D:5      | Identified a potion of lignification
  6031 | D:5      | Got a scorched leather armour
  6042 | D:5      | Identified the cursed +1 leather armour of the Alphagorgon {SInv} (You found it on level 5 of the Dungeon)
  6042 | D:5      | Identified 3 scrolls of remove curse
  6155 | D:5      | Reached skill level 3 in Fighting
  6274 | D:5      | Found a shimmering altar of Xom.
  6381 | D:5      | Reached ** piety under Sif Muna
  6436 | D:5      | Reached skill level 7 in Conjurations
  6471 | D:5      | Reached skill level 6 in Spellcasting
  6632 | D:6      | Identified 2 potions of might
  6733 | D:6      | Reached skill level 4 in Fighting
  6918 | D:6      | Reached XP level 9. HP: 65/65 MP: 13/18
  7243 | D:6      | Reached skill level 5 in Fighting
  7588 | D:7      | Noticed DunwichHorror's ghost (novice DDFi)
  7682 | D:7      | Found a snail-covered altar of Cheibriados.
  7695 | D:7      | Reached skill level 7 in Spellcasting
  7993 | D:7      | Identified 2 potions of haste
  8113 | D:7      | Found an ancient bone altar of Kikubaaqudgha.
  8150 | D:7      | Reached *** piety under Sif Muna
  8150 | D:7      | Reached skill level 8 in Conjurations
  8342 | D:7      | Reached skill level 6 in Fighting
  8677 | D:8      | Noticed Kave's ghost (novice TrTm)
  8803 | D:8      | Reached XP level 10. HP: 77/77 MP: 17/21
  8812 | D:8      | Noticed a two-headed ogre
  8916 | D:8      | Noticed a two-headed ogre
  8923 | D:8      | Found a stormy altar of Qazlal.
  8950 | D:8      | Noticed a two-headed ogre
  8962 | D:8      | Killed a two-headed ogre
  8962 | D:8      | Reached skill level 7 in Fighting
  8962 | D:8      | Reached skill level 8 in Spellcasting
  9110 | D:8      | Noticed a two-headed ogre
  9127 | D:8      | Killed a two-headed ogre
  9127 | D:8      | Reached **** piety under Sif Muna
  9127 | D:8      | Reached skill level 9 in Conjurations
  9489 | D:8      | Found an ornate altar of the Wu Jian Council.
  9584 | D:9      | Noticed a two-headed ogre
  9668 | D:9      | Reached skill level 8 in Fighting
  9782 | D:9      | Noticed MatthieuS's ghost (journeyman MfMo)
 10066 | D:9      | Reached skill level 9 in Spellcasting
 10158 | D:8      | Killed a two-headed ogre
 10158 | D:8      | Reached XP level 11. HP: 42/87 MP: 13/24
 10304 | D:10     | Entered Level 10 of the Dungeon
 10357 | D:10     | Identified 2 potions of flight
 10358 | D:10     | Identified 4 scrolls of noise
 10359 | D:10     | Identified 2 scrolls of amnesia
 10360 | D:10     | Identified 2 scrolls of immolation
 10361 | D:10     | Identified 3 scrolls of blinking
 10362 | D:10     | Identified 2 scrolls of fear
 10363 | D:10     | Identified 2 scrolls of fog
 10364 | D:10     | Identified 5 scrolls of teleportation
 10506 | D:10     | Found a shimmering altar of Xom.
 10668 | D:10     | Found a flagged portal.
 10674 | Bailey   | Entered a bailey
 10726 | Bailey   | Reached skill level 9 in Fighting
 10861 | Bailey   | Learned a level 4 spell: Iskenderun's Mystic Blast
 10894 | Bailey   | Found an iron altar of Okawaru.
 10894 | Bailey   | Noticed an orc sorcerer
 10909 | Bailey   | Noticed a sun demon
 10915 | Bailey   | Killed an orc sorcerer
 11082 | Bailey   | Reached skill level 10 in Conjurations
 11145 | Bailey   | Noticed an orc knight
 11198 | Bailey   | Killed an orc knight
 11198 | Bailey   | Reached skill level 2 in Evocations
 11329 | Bailey   | Reached skill level 3 in Evocations
 11557 | Bailey   | Reached ***** piety under Sif Muna
 11575 | Bailey   | Identified a potion of resistance
 11732 | Bailey   | Reached skill level 4 in Evocations
 12265 | D:10     | Mangled by a two-headed ogre

Skill      XL: |  1  2  3  4  5  6  7  8  9 10 11 |
---------------+----------------------------------+-----
Conjurations   | 4 5 6 7 8 9 10 | 10.0
Spellcasting   | 3 4 6 7 9 |  9.8
Hexes          | 1 3 4 |  4.0
Fighting       | 1 4 6 8 9 |  9.3
Evocations     | 4 |  4.7
Dodging        | |  1.7
Stealth        | |  2.4

Action                   |  1- 3 |  4- 6 |  7- 9 | 10-12 || total
-------------------------+-------+-------+-------+-------++-------
Melee: Unarmed           |    13 |       |       |       ||    13
       Quarterstaff      |       |       |   139 |    54 ||   193
Throw: Throwing net      |       |       |       |     2 ||     2
 Cast: Magic Dart        |    83 |   105 |   233 |   127 ||   548
       Searing Ray       |       |    11 |    33 |    53 ||    97
       Dazzling Spray    |       |       |       |     9 ||     9
       Iskenderun's Myst |       |       |       |     2 ||     2
 Abil: Dig               |       |       |     2 |       ||     2
Evoke: Wand              |       |       |       |    20 ||    20
  Use: Scroll            |       |       |    10 |    12 ||    22
       Potion            |       |       |       |     1 ||     1
 Stab: Sleeping          |       |       |     1 |       ||     1
       Paralysed         |       |       |     1 |       ||     1
       Held in net/web   |       |       |       |     1 ||     1
  Eat: Chunk             |     4 |     6 |    16 |     8 ||    34
       Ration            |       |       |       |     1 ||     1
Armor: Robe              |     2 |     4 |    36 |    30 ||    72
Dodge: Dodged            |    16 |    12 |   151 |   106 ||   285
